 Dungeon Crawl Stone Soup version 0.18-a0-1203-gbde16db (webtiles) character file.

806 Duffy the Cleaver (level 7, -3/60 HPs)
             Began as a Minotaur Fighter on Feb 1, 2016.
             Was a Believer of Cheibriados.
             Slain by an orc warrior
             ... wielding a +0 glaive
              (4 damage)
             ... on level 5 of the Dungeon.
             The game lasted 00:04:32 (3956 turns).

Duffy the Cleaver (Minotaur Fighter)                Turns: 3956, Time: 00:04:32

Health: -3/60      AC: 12    Str: 27    XL:     7   Next: 60%
Magic:  6/6        EV: 10    Int: 10    God:    Cheibriados [**....]
Gold:   183        SH:  0    Dex: 15    Spells: 0 memorised, 6 levels left

rFire  . . .     SeeInvis .     G - +0 battleaxe
rCold  + . .     Gourm    .     E - +3 scale mail {rC+}
rNeg   . . .     Faith    .     (shield currently unavailable)
rPois  .         Spirit   .     (helmet restricted)
rElec  .         Dismiss  .     (no cloak)
rCorr  .         Reflect  .     y - +0 pair of gloves
SustAt .         Harm     .     (no boots)
MR     .....                    (no amulet)
Stlth  ..........               C - ring of wizardry
                                k - ring of loudness (curse)

@: very slow, not resistant to hostile enchantments, extremely unstealthy
A: retaliatory headbutt, horns 2
a: Bend Time, Renounce Religion


You were on level 5 of the Dungeon.
You worshipped Cheibriados.
Cheibriados was pleased with you.
You were not hungry.

You visited 1 branch of the dungeon, and saw 5 of its levels.

You collected 183 gold pieces.


Innate Abilities, Weirdness & Mutations

You reflexively headbutt those who attack you in melee.
You have a pair of horns on your head.


   Skills:
 + Level 4.8 Fighting
 + Level 8.3 Axes
 - Level 6.6 Armour
 - Level 3.6 Shields


You had 6 spell levels left.
You didn't know any spells.

Inventory:

Hand Weapons
 a - a +0 war axe
 G - a +0 battleaxe (weapon)
Missiles
 v - 6 poisoned needles
Armour
 b - a +0 scale mail
 c - a +0 shield
 o - a +0 chain mail
 u - a +0 plate armour
 y - a +0 pair of gloves (worn)
 E - a +3 scale mail of cold resistance (worn)
Jewellery
 k - a cursed ring of loudness (left hand)
 w - an uncursed ring of ice
 C - a ring of wizardry (right hand)
Wands
 D - a wand of enslavement (6/24)
 F - a wand of digging (6/24)
 I - a wand of flame (7/48)
Scrolls
 e - 3 scrolls of immolation {unknown}
 h - a scroll of random uselessness {unknown}
 i - 2 scrolls of remove curse {unknown}
 m - 3 scrolls of identify {unknown}
 n - a scroll of fear {unknown}
 p - 2 scrolls of noise {unknown}
 q - 2 scrolls of teleportation {unknown}
 x - a scroll of blinking {unknown}
Potions
 d - a potion of might
 g - 5 potions of heal wounds {unknown}
 j - 4 potions of curing {unknown}
 l - 2 potions of lignification {unknown}
 s - a potion of resistance {unknown}
 t - 3 potions of invisibility {unknown}
 z - a potion of brilliance {unknown}
 A - 2 potions of haste {unknown}
 B - a potion of poison {unknown}
Comestibles
 f - 4 bread rations
 r - 4 meat rations
 H - 8 chunks of flesh

Dungeon Overview and Level Annotations

Branches:
Dungeon (5/15)
 Temple: D:4-7

Altars:
Ashenzari
Cheibriados
Qazlal
Trog

Shops:
D:5 *[


Message History

The ogre is almost dead.
The ogre barely misses you.
You slash the ogre!
You kill the ogre!
Cheibriados thoroughly appreciates the change of pace.
Found a snail-covered altar of Cheibriados.
Things that are here:
a giant spiked club; an ogre corpse You butcher the ogre corpse.
H - 8 chunks of flesh (gained 4)
Things that are here:
a giant spiked club; an ogre skeleton You see here a robe.
You start resting.
An orc warrior comes into view. It is wielding a glaive.
The orc warrior shouts!
The orc warrior misses you.
You see here a robe.
You closely miss the orc warrior. You headbutt the orc warrior.
The orc warrior is lightly wounded.
The orc warrior hits you with a glaive!!
You closely miss the orc warrior.
The orc warrior is lightly wounded.
The orc warrior completely misses you.
You barely miss the orc warrior.
You headbutt the orc warrior, but do no damage.
The orc warrior is lightly wounded.
The orc warrior barely misses you.
You barely miss the orc warrior.
The orc warrior is lightly wounded.
The orc warrior hits you with a glaive!!
You slash the orc warrior! You headbutt the orc warrior.
The orc warrior is heavily wounded.
The orc warrior hits you with a glaive.
You die...

.# #.###....###. ..#
#####......#....#
...####..............#
........_ #.\....# #
#....... ##.....#
..### #.....#
#..#..##..##. #.....##
##.###..##....
#o)###...###......#
##@......# #.......
##..#....##.###...
#.###......# #... #.!#
##....#####.. ....#
#......###.. .....#
#...##......
##..~.~......####....
#.~~.~~...... #....
#.~~\~~..... #####


You could see an orc warrior.

Action                   |  1- 3 |  4- 6 |  7- 9 || total
-------------------------+-------+-------+-------++-------
Melee: War axe           |    87 |    74 |    12 ||   173
       Battleaxe         |       |       |    10 ||    10
Evoke: Wand              |       |       |     5 ||     5
  Eat: Chunk             |     1 |     3 |     1 ||     5

Notes
Turn   | Place    | Note
--------------------------------------------------------------
     0 | D:1      | Duffy the Minotaur Fighter began the quest for the Orb.
     0 | D:1      | Reached XP level 1. HP: 19/19 MP: 0/0
    32 | D:1      | Reached skill level 3 in Axes
    32 | D:1      | Reached XP level 2. HP: 6/26 MP: 1/1
   429 | D:2      | Reached skill level 4 in Axes
   430 | D:2      | Reached XP level 3. HP: 31/31 MP: 2/2
   513 | D:3      | Found a snail-covered altar of Cheibriados.
   521 | D:3      | Noticed Duffy's ghost (weakling MiFi)
   521 | D:3      | Became a worshipper of Cheibriados the Contemplative
  1126 | D:2      | Reached * piety under Cheibriados
  1130 | D:2      | Reached skill level 5 in Axes
  1400 | D:3      | Reached XP level 4. HP: 33/39 MP: 3/3
  1542 | D:3      | Found a bloodstained altar of Trog.
  1889 | D:4      | Found a stormy altar of Qazlal.
  1918 | D:4      | Noticed an ogre
  1923 | D:4      | Killed an ogre
  1923 | D:4      | Reached skill level 6 in Axes
  1923 | D:4      | Reached skill level 4 in Armour
  1923 | D:4      | Reached XP level 5. HP: 6/45 MP: 4/4
  2313 | D:3      | Noticed an ice beast
  2318 | D:3      | Killed an ice beast
  2318 | D:3      | Reached skill level 5 in Armour
  2318 | D:3      | Reached XP level 6. HP: 36/51 MP: 5/5
  2609 | D:3      | Reached ** piety under Cheibriados
  2615 | D:3      | Killed Duffy's ghost
  2951 | D:4      | Reached skill level 7 in Axes
  3027 | D:4      | Noticed Dowan
  3028 | D:4      | Noticed Duvessa
  3491 | D:4      | Killed Duvessa
  3491 | D:4      | Reached skill level 6 in Armour
  3492 | D:4      | Killed Dowan
  3492 | D:4      | Reached XP level 7. HP: 34/57 MP: 6/6
  3657 | D:5      | Entered Level 5 of the Dungeon
  3666 | D:5      | Found a shattered altar of Ashenzari.
  3816 | D:5      | Found Zof Fups's Antique Armour Shoppe.
  3827 | D:5      | Found Wilab's Assorted Antiques.
  3829 | D:5      | Noticed Blork the orc
  3835 | D:5      | Killed Blork the orc
  3835 | D:5      | Reached skill level 4 in Fighting
  3835 | D:5      | Reached skill level 8 in Axes
  3870 | D:5      | Found a snail-covered altar of Cheibriados.
  3956 | D:5      | Slain by an orc warrior

Vault maps used:
D:1:      ldierk_water_garden
D:2:      first_bread
D:3:      lemuel_crystal_altar, lemuel_crystal_altar
D:4:      nicolae_qazlal_general_emergency, solitary_fountain,
          grunt_ministairs_3, uniq_duvessa
D:5:      lemuel_crystal_altar, minmay_temple_entry_fiery, serial_shops, shop,
          nicolae_shop_waterfront, shop, cheibriados_altar_1, uniq_blork_the_orc

Vanquished Creatures
  Duvessa
  An ice beast
  3 ogres Blork the orc Dowan
  The ghost of Duffy the Chopper, a weakling MiFi
  An iguana
  2 worker ants
  5 adders
  2 worms
  4 giant geckos
  6 orcs
  8 bats
  5 giant cockroaches
  4 goblins
  7 hobgoblins
  8 jackals
  2 quokkas
  A giant newt
  4 kobolds
  6 rats
  4 toadstools
77 creatures vanquished.
